 Dungeon Crawl Stone Soup version 0.29-a0-565-g7a16c6de65 (webtiles) character file.

Game seed: 2467120838594902690

46 Glokmah the Sneak (level 3, -3/20 HPs)
             Began as a Kobold Enchanter on June 12, 2022.
             Slain by a gnoll
             ... wielding a +0 flail
              (12 damage)
             ... on level 2 of the Dungeon.
             The game lasted 00:03:03 (1279 turns).

Glokmah the Sneak (Kobold Enchanter)                Turns: 1279, Time: 00:03:04

Health: -3/20      AC:  3    Str:  7    XL:     3   Next: 92%
Magic:  0/6        EV: 14    Int: 16    God:
Gold:   47         SH:  0    Dex: 15    Spells: 4/6 levels left

rFire   . . .      SeeInvis .   a - +1 dagger
rCold   . . .      Faith    .   (no shield)
rNeg    . . .      Spirit   .   f - +0 leather armour
rPois   .          Reflect  .   (no helmet)
rElec   .          Harm     .   (no cloak)
rCorr   .          Rampage  .   (no gloves)
Will    .....                   (no boots)
Stlth   ++++......              (no amulet)
HPRegen 0.06/turn               (no ring)
MPRegen 0.10/turn               (no ring)

@: no status effects
A: small, no large weapons, nightstalker 3
a: no special abilities


You were on level 2 of the Dungeon.
You visited 1 branch of the dungeon, and saw 2 of its levels.

You collected 47 gold pieces.

Inventory:

Hand Weapons
 a - a +1 dagger (weapon)
Missiles
 e - 6 curare-tipped darts (quivered)
Armour
 b - a +0 robe
 f - a +0 leather armour (worn)
Scrolls
 d - a scroll of blinking {unknown}
 g - a scroll of teleportation {unknown}
 j - a scroll of brand weapon {unknown}
Potions
 c - 2 potions of invisibility
 h - 2 potions of curing {unknown}
 i - a potion of lignification {unknown}
 k - a potion of degeneration {unknown}


   Skills:
 + Level 1.0 Fighting
 * Level 2.9 Short Blades
 - Level 2.4 Dodging
 * Level 4.7 Stealth
 - Level 2.1 Spellcasting
 + Level 3.1 Hexes
 * Level 0.9 Ice Magic


You had 4 spell levels left.
You knew the following spells:

 Your Spells              Type           Power      Damage    Failure   Level
a - Ensorcelled Hibernat  Hex/Ice        16%        N/A       21%         2

Your spell library contained the following spells:

 Spells                   Type           Power      Damage    Failure   Level
 Confusing Touch          Hex            11%        N/A       26%         3
 Tukima's Dance           Hex            11%        N/A       26%         3
 Sublimation of Blood     Necr           1%         N/A       43%         2
 Wereblood                Tmut           1%         N/A       43%         2
 Dazzling Flash           Conj/Hex       12%        N/A       43%         3
 Summon Hydra             Summ           0%         N/A       100%        7


Dungeon Overview and Level Annotations

Branches:
Dungeon (2/15)

Altars:


Innate Abilities, Weirdness & Mutations

You are small and have problems with some larger weapons.
You are completely attuned to the shadows.


Message History

Confirm with . or Enter, or press ? or * to list all spells.
Aiming: Ensorcelled Hibernation (safe; 21% risk of failure)
Press: ? - help, Shift-Dir - straight line, f - rat
Aim: a rat (wandering, hasn't noticed you, chance to affect: 59%)
The rat resists with significant effort.
You barely miss the rat. The rat closely misses you.
You hit the rat but do no damage. You hit the rat.
You kill the rat!
You see here a rat corpse.
Okay, then.
Magic restored.
You see here a +0 flail.
A gnoll comes into view. It is wielding a +0 flail.
You see here a fuming silvery potion.
Casting: Ensorcelled Hibernation (safe; 21% risk of failure)
Confirm with . or Enter, or press ? or * to list all spells.
Aiming: Ensorcelled Hibernation (safe; 21% risk of failure)
Press: ? - help, Shift-Dir - straight line, f - gnoll
Aim: a gnoll, wielding a +0 flail (wandering, hasn't noticed you, chance to affect: 50%)
The gnoll shouts!
The gnoll resists with some effort.
The gnoll hits you with a +0 flail!
Casting: Ensorcelled Hibernation (safe; 21% risk of failure)
Confirm with . or Enter, or press ? or * to list all spells.
Aiming: Ensorcelled Hibernation (safe; 21% risk of failure)
Press: ? - help, Shift-Dir - straight line, f/p - gnoll
Aim: a gnoll, wielding a +0 flail (chance to affect: 50%)
The gnoll resists with some effort.
The gnoll completely misses you.
Casting: Ensorcelled Hibernation (safe; 21% risk of failure)
Confirm with . or Enter, or press ? or * to list all spells.
Aiming: Ensorcelled Hibernation (safe; 21% risk of failure)
Press: ? - help, Shift-Dir - straight line, f/p - gnoll
Aim: a gnoll, wielding a +0 flail (chance to affect: 50%)
The gnoll resists with some effort.
The gnoll hits you with a +0 flail.
You hit the gnoll but do no damage. The gnoll misses you.
You hit the gnoll.
The gnoll is moderately wounded.
The gnoll hits you with a +0 flail!
Ouch! That really hurt!
You die...

.............#
.............#
...P...P.....#
...P......#.#
...g@..)....###
...#####.##...#
.........)....#
..............#
..........†...#
#.............#
#####.....#....#
######
#.....#....#
#....#
#.....##.#.


You could see a gnoll.

Vanquished Creatures
  A gnoll (D:2)
  2 dart slugs
  6 bats
  3 endoplasms (D:1)
  2 goblins
  2 hobgoblins (D:1)
  A quokka (D:1)
  3 ball pythons (D:1)
  2 frilled lizards (D:1)
  4 kobolds
  6 rats
32 creatures vanquished.

Vanquished Creatures (others)
  9 plants (D:2)
9 creatures vanquished.

Grand Total: 41 creatures vanquished

Notes
Turn   | Place    | Note
-------+----------+-------------------------------------------
     0 | D:1      | Glokmah the Kobold Enchanter began the quest for the Orb.
     0 | D:1      | Reached XP level 1. HP: 10/10 MP: 3/3
   116 | D:1      | Reached XP level 2. HP: 5/16 MP: 5/5
   354 | D:1      | Learned a level 2 spell: Ensorcelled Hibernation
   581 | D:1      | Reached XP level 3. HP: 20/20 MP: 6/6
   919 | D:1      | Reached skill level 1 in Fighting
   919 | D:1      | Found a faded altar of an unknown god.
  1279 | D:2      | Slain by a gnoll

Illustrated notes

Levels and vault maps discovered:
D:1:      roderic_octagonal_star, layout_rooms, dreamdust_ecumenical_altar_grove
D:2:      layout_basic, nicolae_grassy_gnolls

Skill      XL: |  1  2  3 |
---------------+----------+-----
Short Blades   | 2 |  2.9
Fighting       | 1 |  1.0
Dodging        | |  2.4
Stealth        | |  4.7
Spellcasting   | |  2.1
Hexes          | |  3.1
Ice Magic      | |  0.9

Action                   || total
-------------------------++-------
Melee: Dagger            ||    95
 Cast: Ensorcelled Hiber ||     7
 Stab: Sleeping          ||    16
Armor: Leather armour    ||    20
Dodge: Dodged            ||    75

Table legend: (Time is in decaauts)
 A = Elapsed time spent in this place.
 B = Non-inter-level travel time spent in this place.
 C = Inter-level travel time spent in this place.
 D = Time resting spent in this place.
 E = Time spent auto-exploring this place.
 F = Levels seen in this place.
 G = Mean time per level.
                   A        B        C        D        E       F      G
               +--------+--------+--------+--------+--------+-----+--------+
         Total |   1268 |   1184 |     84 |      6 |    867 |   2 |  634.0 |
       Dungeon |   1268 |   1184 |     84 |      6 |    867 |   2 |  634.0 |
               +--------+--------+--------+--------+--------+-----+--------+

Top non-repeatable levels by time:
     D:1: 1061 daAuts
     D:2: 207 daAuts
